 Dungeon Crawl Stone Soup version 0.31-a0-167-g1c394c0614 (webtiles) character file.

Game seed: 6207788132535328151

1680 qw the Cleaver (level 9, 0/55 HPs)
             Began as a Gargoyle Fighter on June 14, 2023.
             Was an Initiate of Okawaru.
             Shot with an arrow by a centaur (11 damage)
             ... on level 7 of the Dungeon.
             The game lasted 00:03:36 (7023 turns).

qw the Cleaver (Gargoyle Fighter)                   Turns: 7023, Time: 00:03:37

Health: 0/55       AC: 18    Str: 29    XL:     9   Next: 2%
Magic:  9/9        EV: 15    Int: 10    God:    Okawaru [......]
Gold:   390        SH:  9    Dex:  9    Spells: 8/8 levels left

rFire   . . .        s - +1 war axe
rCold   + + +        c - +0 buckler
rNeg    + . .        b - +0 scale mail
rPois   inf          a - +3 helmet "Ytisogh" {rC+++ Will+}
rElec   +            (no cloak)
rCorr   .            (no gloves)
SInv    .            l - +0 pair of boots
Will    +....        k - amulet of reflection Stlth
                     f - +5 ring of evasion
HPRegen 0.29/turn    r - +6 ring of strength
MPRegen 0.11/turn

%: reflection
@: about to teleport
A: sickness immunity, AC +6, negative energy resistance 1, electricity
resistance, torment resistance 1, petrification resistance
a: Renounce Religion


You were on level 7 of the Dungeon.
You worshipped Okawaru.
Okawaru was noncommittal.
You visited 1 branch of the dungeon, and saw 7 of its levels.
You also visited: Sewer.

You collected 390 gold pieces.


Innate Abilities, Weirdness & Mutations

You are immune to sickness and miasma.
Your stone body is resilient. (AC +6)
You are immune to poison.
You resist negative energy. (rN+)
You are resistant to electric shocks. (rElec)
You are resistant to unholy torment.
You are immune to petrification.


   Skills:
 - Level 6.0 Fighting
 - Level 9.1 Axes
 - Level 1.4 Throwing
 - Level 3.2 Armour
 - Level 1.0 Dodging
 + Level 3.6 Shields


You had 8 spell levels left.
You didn't know any spells.
Your spell library was empty.

Inventory:

Hand Weapons
 h - a +0 flail
 s - a +1 war axe (weapon)
Missiles
 p - 4 boomerangs (quivered)
Armour
 a - the +3 helmet "Ytisogh" (worn) {rC+++ Will+}
   (You found it in a sewer)

   rC:        It renders you almost immune to cold.
   Will:      It increases your willpower.
 b - a +0 scale mail (worn)
 c - a +0 buckler (worn)
 l - a +0 pair of boots (worn)
Jewellery
 f - a +5 ring of evasion (left hand)
 k - an amulet of reflection (around neck)
 r - a +6 ring of strength (right hand)
 Y - a ring of protection from fire
Wands
 x - a wand of digging (2)
Scrolls
 q - 2 scrolls of teleportation
 v - a scroll of identify
Potions
 d - 3 potions of might
 e - a potion of resistance
 g - 3 potions of cancellation
 i - a potion of magic
 m - a potion of ambrosia {unknown}
 n - a potion of berserk rage {unknown}
 o - a potion of degeneration {unknown}
 u - a potion of lignification

Dungeon Overview and Level Annotations

Branches:
Dungeon (7/15)             Temple (0/1) D:5           Sewer (visited)

Altars:
Okawaru
Vehumet
Yredelemnul
The Shining One

Annotations:
D:3 1 transporter, exclusion: 4 dart slugs, qw's ghost, amateur NaHu
D:7 Maggie


Message History

Maggie gestures at you while chanting. The bolt of fire hits you!
You slash the orc!
You kill the orc!
Okawaru accepts your kill.
Maggie zaps a wand.
The puff of flame hits you. Maggie hits you but does no damage.
Found a thick lapis lazuli amulet.
Maggie hits you with a +0 halberd.
You see here a hound corpse.
You slash Maggie!
Maggie is moderately wounded.
Maggie hits you with a +0 halberd!
7019 ||| READING 4 scrolls of teleportation.
As you read the scroll of teleportation, it crumbles to dust.
You feel strangely unstable.
Maggie zaps a wand.
The puff of flame misses you.
You hit Maggie.
Maggie is moderately wounded.
Maggie casts a spell.
Maggie attempts to bespell you! You resist with almost no effort.
You hit Maggie but do no damage.
Maggie is moderately wounded.
You feel a little less clever now. You block Maggie's attack.
You closely miss Maggie.
Maggie is moderately wounded.
Your surroundings suddenly seem different.
A centaur comes into view.
Found a leather armour.
Found an escape hatch in the ceiling.
The centaur shouts!
You hear a shout! x3
The centaur wields a +0 orcbow.
The centaur shoots an arrow.
The arrow misses you.
The centaur shoots an arrow.
The arrow hits you but does no damage.
You hear an angry hiss.
7023 ||| READING 3 scrolls of teleportation.
As you read the scroll of teleportation, it crumbles to dust.
You feel strangely unstable.
The centaur shoots an arrow.
The arrow hits you!
You die...

[.. .. #.# ..#
¤ #.. ..¤##..
.......## #.@#
¤¤...........#
¤c#.##......#.
# ###..<...
...... ....##
..... ..###


You could see a centaur.

Vanquished Creatures
  Sigmund (D:2)
  Menkaure (D:7)
  An ice beast (D:6)
  A phantom (D:5)
  2 bullfrogs (Sewer)
  4 scorpions
  2 howler monkeys (D:5)
  2 orc priests (D:5)
  8 hounds
  Ijyb (D:4)
  4 iguanas (D:5)
  Jessica (D:3)
  Robin (D:4)
  4 adders
  5 gnolls
  2 river rats (D:3)
  A shadow imp (D:6)
  A white imp (D:5)
  A worm (D:5)
  12 dart slugs
  11 orcs
  19 ball pythons
  11 bats
  17 endoplasms
  23 giant cockroaches
  18 goblins
  11 hobgoblins
  3 jackals (D:3)
  14 quokkas
  11 frilled lizards
  4 kobolds
  7 rats
204 creatures vanquished.

Notes
Turn   | Place    | Note
-------+----------+-------------------------------------------
     0 | D:1      | qw the Gargoyle Fighter began the quest for the Orb.
     0 | D:1      | Reached XP level 1. HP: 14/14 MP: 1/1
     0 | D:1      | 0 ||| qw: Version: 0.2-a-29-g1fa15c8
     0 | D:1      | 0 ||| qw: Game counter: 5080
     0 | D:1      | 0 ||| qw: Always use a shield: true
     0 | D:1      | 0 ||| qw: God list: Okawaru
     0 | D:1      | 0 ||| qw: Allow faded altars: false
     0 | D:1      | 0 ||| qw: Do Orc after D:15 true
     0 | D:1      | 0 ||| qw: Do second Lair branch before Depths: true
     0 | D:1      | 0 ||| qw: Lair rune preference: random
     0 | D:1      | 0 ||| qw: Plans: Normal, Zot:1-4, Slime:5, God:TSO, Crypt,
                  | Tomb, Abyss, Pan, Hells, Win
     0 | D:1      | 0 ||| PLANNING D:1-11
    36 | D:1      | 36 ||| Stepping ~*~*~tactically~*~*~ (hiding).
    38 | D:1      | 38 ||| Stepping ~*~*~tactically~*~*~ (hiding).
    39 | D:1      | 39 ||| Stepping ~*~*~tactically~*~*~ (hiding).
    45 | D:1      | Reached skill level 2 in Axes
   146 | D:1      | 146 ||| Stepping ~*~*~tactically~*~*~ (stealth).
   147 | D:1      | 147 ||| Stepping ~*~*~tactically~*~*~ (stealth).
   149 | D:1      | 149 ||| Stepping ~*~*~tactically~*~*~ (stealth).
   150 | D:1      | 150 ||| Stepping ~*~*~tactically~*~*~ (stealth).
   159 | D:1      | 159 ||| Stepping ~*~*~tactically~*~*~ (stealth).
   162 | D:1      | Reached XP level 2. HP: 18/19 MP: 2/2
   163 | D:1      | 163 ||| Stepping ~*~*~tactically~*~*~ (stealth).
   206 | D:1      | 206 ||| Stepping ~*~*~tactically~*~*~ (stealth).
   231 | D:1      | Reached skill level 3 in Axes
   307 | D:1      | Reached XP level 3. HP: 22/23 MP: 3/3
   315 | D:1      | 315 ||| FLEEEEING.
   499 | D:1      | 499 ||| Stepping ~*~*~tactically~*~*~ (stealth).
   749 | D:1      | 749 ||| UPGRADING to +0 pair of boots.
   754 | D:1      | 754 ||| UPGRADING to amulet of reflection.
   759 | D:1      | 759 ||| UPGRADING to ring of positive energy.
   760 | D:1      | 760 ||| READING scroll labelled ILUDGH KAUNUOG.
   861 | D:1      | 861 ||| DRINKING 3 cyan potions.
  1068 | D:2      | Noticed Sigmund
  1069 | D:2      | 1069 ||| Stepping ~*~*~tactically~*~*~ (hiding).
  1082 | D:2      | Killed Sigmund
  1083 | D:2      | Reached skill level 5 in Axes
  1083 | D:2      | Reached XP level 4. HP: 24/28 MP: 4/4
  1083 | D:2      | Reached XP level 5. HP: 27/32 MP: 5/5
  1100 | D:2      | 1100 ||| DROPPING +0 club.
  1780 | D:2      | 1780 ||| READING scroll labelled MOEFIS ZEMA.
  1781 | D:2      | 1781 ||| READING scroll labelled HOEFRA GUYCITRAH.
  1782 | D:2      | 1782 ||| DRINKING 2 viscous ruby potions.
  1810 | D:3      | 1810 ||| PLANNING SEWER
  1817 | D:3      | Reached XP level 6. HP: 34/37 MP: 6/6
  1836 | D:3      | 1836 ||| Stepping ~*~*~tactically~*~*~ (hiding).
  1953 | D:3      | 1953 ||| Stepping ~*~*~tactically~*~*~ (hiding).
  2138 | D:3      | Found a glowing drain.
  2150 | Sewer    | Entered a sewer
  2176 | Sewer    | Reached skill level 1 in Dodging
  2272 | Sewer    | 2272 ||| Stepping ~*~*~tactically~*~*~ (water).
  2298 | Sewer    | 2298 ||| Stepping ~*~*~tactically~*~*~ (water).
  2311 | Sewer    | 2311 ||| Stepping ~*~*~tactically~*~*~ (water).
  2434 | Sewer    | 2434 ||| Stepping ~*~*~tactically~*~*~ (water).
  2534 | Sewer    | Reached skill level 6 in Axes
  2540 | Sewer    | Reached XP level 7. HP: 36/43 MP: 7/7
  2571 | Sewer    | Identified the +3 helmet "Ytisogh" {rC+++ Will+}
  2573 | Sewer    | 2573 ||| UPGRADING to +3 helmet "Ytisogh" {rC+++ Will+}.
  2591 | D:3      | 2591 ||| PLANNING D:1-11
  2762 | D:3      | Noticed qw's ghost (amateur NaHu)
  2763 | D:3      | Found a transporter.
  2837 | D:3      | Noticed Jessica
  2839 | D:3      | 2839 ||| Stepping ~*~*~tactically~*~*~ (hiding).
  2843 | D:3      | 2843 ||| Stepping ~*~*~tactically~*~*~ (hiding).
  2846 | D:3      | 2846 ||| Stepping ~*~*~tactically~*~*~ (stealth).
  2852 | D:3      | Killed Jessica
  3512 | D:3      | 3512 ||| Stepping ~*~*~tactically~*~*~ (hiding).
  3518 | D:3      | 3518 ||| Stepping ~*~*~tactically~*~*~ (hiding).
  3520 | D:3      | 3520 ||| Stepping ~*~*~tactically~*~*~ (hiding).
  3521 | D:3      | 3521 ||| Stepping ~*~*~tactically~*~*~ (hiding).
  3522 | D:3      | 3522 ||| Stepping ~*~*~tactically~*~*~ (hiding).
  3523 | D:3      | 3523 ||| Stepping ~*~*~tactically~*~*~ (hiding).
  3536 | D:3      | 3536 ||| UPGRADING to +6 ring of strength.
  3537 | D:3      | 3537 ||| UPGRADING to ring of protection from fire.
  3539 | D:3      | 3539 ||| READING scroll labelled TUTZUENTAN.
  3540 | D:3      | 3540 ||| READING scroll labelled GOENTIPNOA.
  3541 | D:3      | 3541 ||| READING scroll labelled VOCUNA PACZUHIO.
  3692 | D:4      | 3692 ||| Stepping ~*~*~tactically~*~*~ (stealth).
  3791 | D:4      | 3791 ||| Stepping ~*~*~tactically~*~*~ (hiding).
  3915 | D:4      | 3915 ||| DROPPING +0 mace.
  4077 | D:4      | 4077 ||| Stepping ~*~*~tactically~*~*~ (stealth).
  4079 | D:4      | 4079 ||| Stepping ~*~*~tactically~*~*~ (stealth).
  4123 | D:4      | 4123 ||| Stepping ~*~*~tactically~*~*~ (stealth).
  4139 | D:4      | 4139 ||| Stepping ~*~*~tactically~*~*~ (stealth).
  4141 | D:4      | Noticed Robin
  4142 | D:4      | 4142 ||| Stepping ~*~*~tactically~*~*~ (hiding).
  4143 | D:4      | 4143 ||| Stepping ~*~*~tactically~*~*~ (hiding).
  4149 | D:4      | Reached skill level 7 in Axes
  4154 | D:4      | Killed Robin
  4333 | D:4      | Noticed Ijyb
  4342 | D:4      | Killed Ijyb
  4565 | D:4      | 4565 ||| READING scroll labelled REMMIU JEINUU.
  4566 | D:4      | 4566 ||| READING scroll labelled YTRIDWONEO.
  4628 | D:5      | Entered Level 5 of the Dungeon
  4706 | D:5      | 4706 ||| Stepping ~*~*~tactically~*~*~ (hiding).
  4707 | D:5      | 4707 ||| Stepping ~*~*~tactically~*~*~ (stealth).
  4715 | D:5      | Reached skill level 1 in Throwing
  4716 | D:5      | Reached XP level 8. HP: 49/49 MP: 8/8
  4726 | D:5      | 4726 ||| Stepping ~*~*~tactically~*~*~ (hiding).
  4923 | D:5      | Reached skill level 8 in Axes
  5017 | D:5      | 5017 ||| Stepping ~*~*~tactically~*~*~ (hiding).
  5176 | D:5      | 5176 ||| Stepping ~*~*~tactically~*~*~ (hiding).
  5193 | D:5      | Reached skill level 6 in Fighting
  5669 | D:5      | Found an iron altar of Okawaru.
  5669 | D:5      | Found a radiant altar of Vehumet.
  5670 | D:5      | 5670 ||| PLANNING OKAWARU WORSHIP
  5670 | D:5      | 5670 ||| READING scroll labelled DANAUV DAVALOA.
  5671 | D:5      | 5671 ||| READING 2 scrolls labelled TATOMA SUMAAG.
  5674 | D:5      | 5674 ||| READING scroll labelled OMUSUUC WUETRECOR.
  5675 | D:5      | 5675 ||| DRINKING 2 smoky emerald potions.
  5731 | D:5      | 5731 ||| READING 2 scrolls of identify.
  5731 | D:5      | 5731 ||| IDENTIFYING purple potion
  5732 | D:5      | 5732 ||| DROPPING potion of enlightenment.
  5762 | D:5      | Became a worshipper of Warmaster Okawaru
  5763 | D:5      | 5763 ||| PLANNING D:1-11
  5960 | D:5      | Found a staircase to the Ecumenical Temple.
  6155 | D:5      | 6155 ||| READING scroll labelled ISERHAU EDDOTEA.
  6258 | D:6      | 6258 ||| Stepping ~*~*~tactically~*~*~ (stealth).
  6658 | D:6      | Found a basalt altar of Yredelemnul.
  6660 | D:6      | Noticed a profane servitor
  6854 | D:6      | Found a glowing golden altar of the Shining One.
  6949 | D:6      | Noticed an angel
  6951 | D:6      | 6951 ||| UPGRADING to +5 ring of evasion.
  6953 | D:6      | 6953 ||| DROPPING ring of positive energy.
  6954 | D:6      | 6954 ||| DRINKING 2 sedimented purple potions.
  6955 | D:6      | 6955 ||| READING 2 scrolls of identify.
  6955 | D:6      | 6955 ||| IDENTIFYING white potion
  6956 | D:6      | 6956 ||| DROPPING potion of brilliance.
  7002 | D:7      | Noticed Menkaure
  7003 | D:7      | Noticed Maggie
  7011 | D:7      | Killed Menkaure
  7012 | D:7      | Reached skill level 9 in Axes
  7012 | D:7      | Reached XP level 9. HP: 39/55 MP: 9/9
  7018 | D:7      | HP: 9/55 [Maggie/+0 halberd (12)]
  7019 | D:7      | 7019 ||| READING 4 scrolls of teleportation.
  7023 | D:7      | 7023 ||| READING 3 scrolls of teleportation.
  7023 | D:7      | Shot with an arrow by a centaur

Levels and vault maps discovered:
D:1:      nicolae_arrival_somewhat_less_tricky_arrival, layout_rooms
D:2:      layout_basic, uniq_sigmund
D:3:      kennysheep_slugbush, layout_loops_corners, portal_sewer_entry_e,
          gammafunk_ghost_smash, roderic_batcave, uniq_jessica
D:4:      layout_basic, uniq_robin, uniq_ijyb
D:5:      layout_layer_cave, gammafunk_temple_overflow_statue,
          lemuel_temple_firewalk_b, minmay_fractal_squares_diagonal_5
D:6:      layout_loops_ring, grunt_temple_overflow_holy_war, minivault_27
D:7:      layout_rooms, mainiacjoe_overflow_brackets,
          nicolae_dithmenos_the_darkroom, uniq_menkaure, uniq_maggie, uniq_pikel

Skill      XL: |  1  2  3  4  5  6  7  8 |
---------------+-------------------------+-----
Axes           | 2 3 5 6 7 9 |  9.1
Fighting       | 4 5 6 |  6.0
Dodging        | 1 |  1.0
Throwing       | 1 |  1.4
Armour         | |  3.2
Shields        | |  3.6

Action                     |  1- 3 |  4- 6 |  7- 9 || total
---------------------------+-------+-------+-------++-------
  Melee: War axe           |    98 |   216 |   255 ||   569
  Throw: Boomerang         |       |       |    50 ||    50
    Use: Scroll            |     1 |     2 |    13 ||    16
         Potion            |     1 |     1 |     2 ||     4
 Armour: Scale mail        |    42 |   114 |   104 ||   260
  Dodge: Dodged            |    27 |    93 |   105 ||   225
  Block: Buckler           |    26 |   104 |   117 ||   247
         Reflection        |       |     2 |     3 ||     5

Table legend:
 A = Non-vault XP
 B = Vault XP
 C = Vault XP percentage of total XP
 D = Non-vault monster count
 E = Vault monster count
 F = Vault count percentage of total count
                 A         B        C        D         E       F
            +---------+---------+-------+---------+---------+-------
      Total |    1248 |    1153 |  48.0 |     100 |     104 |  51.0
            +---------+---------+-------+---------+---------+-------
        D:1 |      54 |       0 |   0.0 |      23 |       0 |   0.0
        D:2 |      35 |     226 |  86.6 |      21 |       1 |   4.5
        D:3 |      37 |     139 |  79.0 |      15 |      23 |  60.5
        D:4 |     192 |      78 |  28.9 |      12 |      14 |  53.8
        D:5 |     648 |     260 |  28.6 |      24 |       6 |  20.0
        D:6 |     234 |       0 |   0.0 |       3 |       0 |   0.0
        D:7 |      48 |     172 |  78.2 |       2 |       1 |  33.3
      Sewer |       0 |     278 | 100.0 |       0 |      59 | 100.0
            +---------+---------+-------+---------+---------+-------
